 Dungeon Crawl Stone Soup version 0.30-a0-782-ge64f9170bb (webtiles) character file.

Game seed: 7364254634374287241

13048 Angani the Fighter (level 11, -1/94 HPs)
             Began as a Purple Draconian Hedge Wizard on Mar 13, 2023.
             Was the Champion of Jiyva.
             Slain by a six-headed hydra (3 damage)
             ... on level 2 of the Lair of Beasts.
             The game lasted 00:31:11 (9991 turns).

Angani the Fighter (Purple Draconian Hedge Wizard)  Turns: 9991, Time: 00:31:12

Health: -1/94      AC:  9    Str: 17    XL:     11   Next: 70%
Magic:  12/23      EV: 16    Int: 18    God:    Jiyva [******]
Gold:   557        SH:  0    Dex: 15    Spells: 14/26 levels left

rFire   . . .      SeeInvis .    q - +1 spear (freeze)
rCold   . . .      Faith    .    (no shield)
rNeg    . . .      Spirit   .    (body armour unavailable)
rPois   .          Reflect  .    b - +1 hat
rElec   .          Harm     .    i - scarf {repulsion}
rCorr   +          Rampage  .    p - +0 pair of gloves
Will    +....      Clarity  +    (boots unavailable)
Stlth   ++                       d - amulet of regeneration
HPRegen 2.75/turn                f - ring of flight
MPRegen 0.68/turn                z - +6 ring of dexterity

@: short of breath, flying, very slightly contaminated, repel missiles
A: breathe power, AC +7, unfitting armour, cold-blooded, antennae 1, hooves 3,
clarity, strong 1, wild magic 3, jelly absorbing missiles, MP-powered wands,
engulf
a: Breathe Dispelling Energy, Renounce Religion, Oozemancy, Slimify


You were on level 2 of the Lair of Beasts.
You worshipped Jiyva.
Jiyva was exalted by your worship.
You visited 2 branches of the dungeon, and saw 12 of its levels.

You collected 655 gold pieces.
You spent 98 gold pieces at shops.

Inventory:

Hand Weapons
 q - a +1 spear of freezing (weapon)
 A - a +0 broad axe
Missiles
 k - a throwing net
Armour
 b - a +1 hat (worn)
 i - a scarf of repulsion (worn)
 p - a +0 pair of gloves (worn)
Jewellery
 d - an amulet of regeneration (around neck)
 f - a ring of flight (left hand)
 z - a +6 ring of dexterity (right hand)
Wands
 x - a wand of flame (18)
 y - a wand of roots (5)
Scrolls
 a - a scroll of torment
 e - 2 scrolls of noise
 g - 3 scrolls of teleportation
 j - a scroll of magic mapping
 n - a scroll of enchant weapon
 o - 4 scrolls of fog
 s - a scroll of silence
 u - a scroll of immolation
 B - a scroll of butterflies {unknown}
Potions
 c - 2 potions of magic
 l - 2 potions of cancellation {unknown}
 m - 3 potions of flight {unknown}
 r - 3 potions of might
 t - 2 potions of brilliance {unknown}
 v - 3 potions of heal wounds {unknown}
 w - a potion of ambrosia {unknown}
 C - a potion of curing {unknown}


   Skills:
 - Level 8.0 Fighting
 - Level 8.0 Dodging
 - Level 1.7 Stealth
 - Level 8.0 Spellcasting
 + Level 6.1 Conjurations
 - Level 1.0 Summonings
 - Level 1.0 Translocations
 + Level 5.3 Transmutations
 + Level 8.0 Air Magic
 - Level 8.0 Poison Magic


You had 14 spell levels left.
You knew the following spells:

 Your Spells              Type           Power      Damage    Failure   Level
a - Magic Dart            Conj           100%       1d8       6%          1
b - Mephitic Cloud        Conj/Pois/Air  59%        N/A       8%          3
c - Vhi's Electric Charg  Tloc/Air       88%        N/A       17%         3
d - Arcjolt               Conj/Air       29%        1d39      38%         5

Your spell library contained the following spells:

 Spells                   Type           Power      Damage    Failure   Level
 Static Discharge         Conj/Air       100%       2-7/arc   6%          2
 Beastly Appendage        Tmut           100%       N/A       7%          1
 Cigotuvi's Dreadful Rot  Necr/Pois/Air  100%       N/A       9%          2
 Wereblood                Tmut           50%        N/A       9%          2
 Spider Form              Tmut/Pois      56%        N/A       10%         3
 Apportation              Tloc           40%        N/A       21%         1
 Hailstorm                Conj/Ice       34%        3d9       26%         3
 Necrotise                Necr           52%        1d6       28%         1
 Slow                     Hex            52%        N/A       28%         1
 Blink                    Tloc           40%        N/A       28%         2
 Call Imp                 Summ           20%        N/A       28%         2
 Lightning Bolt           Conj/Air       29%        1d45      38%         5
 Alistair's Intoxication  Tmut/Pois      37%        N/A       41%         5
 Vampiric Draining        Necr           13%        2d6       54%         3
 Ice Form                 Ice/Tmut       32%        N/A       58%         4
 Agony                    Necr           13%        N/A       99%         5
 Simulacrum               Ice/Necr       6%         N/A       100%        6


Dungeon Overview and Level Annotations

Branches:
Dungeon (10/15)            Temple (0/1) D:7            Lair (2/5) D:9
  Swamp: Lair:2-3    Shoals: Lair:2-3     Snake: Lair:2-3    Spider: Lair:2-3
    Orc: D:9-12

Altars:
Sif Muna
Jiyva

Shops:
D:1 ?[**   D:10 =

Annotations:
D:3 2 transporters, senseless's ghost, amateur HOHu
D:4 3 runed translucent doors, Reshi88's ghost, amateur FoFi
D:5 2 runed translucent doors, Notanamesir's ghost, amateur DjFE
D:10 1 runed translucent door, Dirian's ghost, novice MiFi


Innate Abilities, Weirdness & Mutations

You can breathe bolts of dispelling energy.
Your rich purple scales are hard. (AC +7)
You cannot fit into any form of body armour.
You are cold-blooded and may be slowed by cold attacks.
You have a pair of small antennae on your head.
You have hooves in place of feet.
You possess an exceptional clarity of mind.
Your muscles are strong. (Str +4, Int/Dex -1)
Your spells are much harder to cast, but much more powerful.
You have a small jelly attached to you that may absorb projectiles.
You expend magic power (3 MP) to strengthen your wands.
Your melee attacks may engulf your foes in ooze.


Message History

Aim: a six-headed hydra (moderately wounded, 84% to hit)
You breathe a bolt of dispelling energy.
The bolt of dispelling energy hits the six-headed hydra.
The six-headed hydra is heavily wounded.
Aiming: Throw Flame
Press: ? - help, Shift-Dir - straight line, f/p - six-headed hydra
Aim: a six-headed hydra (moderately wounded, 90% to hit)
You feel a surge of power!
The puff of flame hits the six-headed hydra!
The six-headed hydra is heavily wounded.
Casting: Arcjolt (dangerous; 38% risk of failure)
Confirm with . or Enter, or press ? or * to list all spells.
You miscast Arcjolt.
You are very lightly contaminated with residual magic.
You are caught in an explosion of electrical discharges!
The six-headed hydra bites you!
The six-headed hydra bites you but does no damage.
The six-headed hydra bites you! The six-headed hydra bites you. x3
Casting: Arcjolt (dangerous; 38% risk of failure)
Confirm with . or Enter, or press ? or * to list all spells.
You miscast Arcjolt.
Sparks fly from your hands!
The six-headed hydra bites you but does no damage.
The six-headed hydra misses you.
The six-headed hydra completely misses you.
The six-headed hydra bites you!
* * * LOW HITPOINT WARNING * * *
The six-headed hydra bites you but does no damage. x2
As you read the scroll of fear, it crumbles to dust.
You assume a fearsome visage.
The six-headed hydra resists with almost no effort.
The six-headed hydra bites you.
* * * LOW HITPOINT WARNING * * *
The six-headed hydra bites you.
* * * LOW HITPOINT WARNING * * *
The six-headed hydra bites you.
* * * LOW HITPOINT WARNING * * *
The six-headed hydra bites you!
* * * LOW HITPOINT WARNING * * *
The six-headed hydra barely misses you. The six-headed hydra bites you.
You die...

.#...........
...........#.
##...........#
#.............
#...........#
###.........#
#.......D..#
#....@..#
##.....##
##...<# ###..#
#... ##..#
...# .#.P #
..#


You could see a six-headed hydra.

Vanquished Creatures
  Pikel (D:5)
  A deep elf pyromancer (D:10)
  An ugly thing (D:10)
  A cane toad (Lair:1)
  3 komodo dragons (Lair:1)
  4 trolls (D:10)
  5 blink frogs (Lair:1)
  A vampire (D:9)
  11 yaks
  A wraith (D:9)
  A wyvern (D:8)
  Eustachio (D:4)
  Grum (D:8)
  A vampire mosquito (D:10)
  Menkaure (D:4)
  2 wargs (D:9)
  3 acid dragons (D:10)
  2 water moccasins
  3 orc warriors
  5 ice beasts
  An ogre (D:4)
  3 centaurs (D:10)
  4 wolves (D:8)
  3 lemures (D:5)
  3 bullfrogs
  5 kobold brigands
  A necrophage (D:6)
  A gnoll sergeant (D:10)
  3 scorpions
  9 wights
  4 killer bees
  4 howler monkeys
  3 hounds
  3 gnoll boudas
  6 orc priests
  2 iguanas
  6 orc wizards
  19 gnolls
  9 adders
  2 shadow imps
  A white imp (D:6)
  An ufetubus (D:5)
  A worm (D:3)
  A dart slug (D:5)
  22 orcs
  6 ball pythons
  2 endoplasms (D:1)
  3 giant cockroaches
  3 goblins
  6 hobgoblins
  3 jackals
  3 quokkas
  5 bats
  6 frilled lizards
  21 kobolds
  6 rats
230 creatures vanquished.

Vanquished Creatures (collateral kills)
  A boulder beetle (D:10)
  A two-headed ogre (D:10)
  A cyclops (D:10)
  A gargoyle (D:10)
  A komodo dragon (Lair:1)
  A shadow (D:10)
  A basilisk (D:10)
7 creatures vanquished.

Vanquished Creatures (others)
  A yak (D:10)
  A warg (D:9)
  A sky beast (D:7)
  2 wights (D:9)
  A killer bee (D:9)
  27 jellies
  An orc priest (D:6)
  An iguana (D:6)
  An orc wizard (D:9)
  2 adders
  2 dart slugs
  2 endoplasms
  2 orcs
  3 giant cockroaches
  2 goblins (D:1)
  A hobgoblin (D:1)
  2 jackals (D:4)
  2 ball pythons
  A kobold (D:3)
  2 rats
  8 fungi (Lair:1)
  10 plants
75 creatures vanquished.

Grand Total: 312 creatures vanquished

Notes
Turn   | Place    | Note
-------+----------+-------------------------------------------
     0 | D:1      | Angani the Draconian Hedge Wizard began the quest for the
                  | Orb.
     0 | D:1      | Reached XP level 1. HP: 14/14 MP: 4/4
   152 | D:1      | Found Matwouki's General Store.
   153 | D:1      | Found Hielenyps's General Store.
   263 | D:1      | Found Vuifafof's Armour Shoppe.
   382 | D:1      | Reached XP level 2. HP: 18/20 MP: 6/6
   385 | D:1      | Found a faded altar of an unknown god.
   394 | D:1      | Prayed at the altar of an unknown god.
   394 | D:1      | Became a worshipper of Jiyva Jyipuan the Shapeless
   394 | D:1      | Reached * piety under Jiyva
   550 | D:1      | Found Gouq's Magic Scroll Shop.
   842 | D:1      | Reached ** piety under Jiyva
  1054 | D:2      | You fall into a shaft and drop 1 floor!
  1135 | D:3      | Reached XP level 3. HP: 22/26 MP: 5/7
  1150 | D:3      | Reached XP level 4. HP: 30/33 MP: 9/9
  1206 | D:3      | Found a transporter.
  1216 | D:3      | Found a transporter.
  1216 | D:3      | Noticed senseless's ghost (amateur HOHu)
  1218 | D:3      | Noticed a bullfrog
  1489 | D:2      | Reached *** piety under Jiyva
  1866 | D:2      | Reached XP level 5. HP: 37/38 MP: 10/10
  2460 | D:3      | Gained mutation: You have a small jelly attached to you
                  | that may absorb projectiles. [Jiyva's grace]
  2460 | D:3      | Gained mutation: You possess an exceptional clarity of
                  | mind. [Jiyva's grace]
  2460 | D:3      | Gained mutation: Your melee attacks may engulf your foes in
                  | ooze. [Jiyva's grace]
  2460 | D:3      | Gained mutation: You passively dampen the noise of your
                  | surroundings. [Jiyva's grace]
  2483 | D:3      | Reached **** piety under Jiyva
  2985 | D:4      | Noticed an ogre
  2995 | D:4      | Killed an ogre
  2996 | D:4      | Reached skill level 5 in Conjurations
  2996 | D:4      | Reached XP level 6. HP: 45/45 MP: 12/12
  3062 | D:4      | Found a runed translucent gate.
  3062 | D:4      | Found a runed translucent gate.
  3064 | D:4      | Found a runed translucent gate.
  3081 | D:4      | Noticed Menkaure
  3095 | D:4      | Killed Menkaure
  3104 | D:4      | Noticed Reshi88's ghost (amateur FoFi)
  3165 | D:4      | Your scales start taking on a rich purple colour.
  3165 | D:4      | Reached skill level 5 in Spellcasting
  3165 | D:4      | Reached XP level 7. HP: 50/50 MP: 15/15
  3188 | D:4      | Learned a level 3 spell: Mephitic Cloud
  3260 | D:4      | Noticed Eustachio
  3272 | D:4      | Killed Eustachio
  3273 | D:4      | Reached skill level 1 in Fighting
  3622 | D:5      | Entered Level 5 of the Dungeon
  3718 | D:5      | Reached skill level 1 in Air Magic
  3718 | D:5      | Reached skill level 1 in Poison Magic
  3952 | D:5      | Noticed Pikel
  3977 | D:5      | Killed Pikel
  3978 | D:5      | Reached XP level 8. HP: 59/63 MP: 14/17
  4212 | D:5      | Found a runed translucent door.
  4214 | D:5      | Noticed Notanamesir's ghost (amateur DjFE)
  4272 | D:5      | Reached ***** piety under Jiyva
  4298 | D:5      | Found a runed translucent door.
  4849 | D:1      | Bought a scroll of identify for 24 gold pieces
  4862 | D:1      | Bought a scroll of identify for 26 gold pieces
  4880 | D:1      | Bought a scroll of identify for 24 gold pieces
  4880 | D:1      | Bought a scroll of identify for 24 gold pieces
  5556 | D:6      | Gained mutation: Your mind is acute. (Int +4, Str/Dex -1)
                  | [Jiyva's grace]
  5556 | D:6      | Gained mutation: Your mind is very acute. (Int +8, Str/Dex
                  | -2) [Jiyva's grace]
  5556 | D:6      | Gained mutation: You are covered in slimy tendrils that may
                  | disarm your opponents. [Jiyva's grace]
  5556 | D:6      | Gained mutation: You expend magic power (3 MP) to
                  | strengthen your wands. [Jiyva's grace]
  5706 | D:6      | Reached XP level 9. HP: 73/73 MP: 18/18
  6071 | D:7      | Found a staircase to the Ecumenical Temple.
  6134 | D:7      | Reached skill level 5 in Fighting
  6632 | D:8      | Noticed Grum
  6647 | D:8      | Reached skill level 5 in Dodging
  6649 | D:8      | Reached skill level 5 in Air Magic
  6649 | D:8      | Reached skill level 5 in Poison Magic
  6656 | D:8      | Killed Grum
  7006 | D:8      | Learned a level 3 spell: Vhi's Electric Charge
  7012 | D:8      | Learned a level 5 spell: Arcjolt
  7320 | D:9      | Reached XP level 10. HP: 56/82 MP: 14/19
  7383 | D:9      | Found a staircase to the Lair.
  7471 | D:9      | Lost mutation: Your mind is very acute. (Int +8, Str/Dex
                  | -2) [Jiyva's grace]
  7471 | D:9      | Lost mutation: You are covered in slimy tendrils that may
                  | disarm your opponents. [Jiyva's grace]
  7471 | D:9      | Gained mutation: You have large cloven feet. [Jiyva's
                  | grace]
  7471 | D:9      | Gained mutation: You have hoof-like feet. [Jiyva's grace]
  7471 | D:9      | Gained mutation: You have hooves in place of feet. [Jiyva's
                  | grace]
  7471 | D:9      | Gained mutation: You have a pair of small antennae on your
                  | head. [Jiyva's grace]
  7490 | D:9      | Found a shimmering blue altar of Sif Muna.
  7996 | D:10     | Entered Level 10 of the Dungeon
  8202 | D:10     | Noticed a gargoyle
  8204 | D:10     | Killed a gargoyle
  8242 | D:10     | Noticed a cyclops
  8242 | D:10     | Noticed a boulder beetle
  8390 | D:10     | Noticed a brown ugly thing
  8445 | D:10     | Killed a brown ugly thing
  8486 | D:10     | Noticed a deep elf pyromancer
  8502 | D:10     | Killed a deep elf pyromancer
  8541 | D:10     | Killed a boulder beetle
  8542 | D:10     | Reached XP level 11. HP: 53/94 MP: 18/20
  8610 | D:10     | Noticed a two-headed ogre
  8613 | D:10     | Killed a two-headed ogre
  8920 | D:10     | Found Waecacys's Jewellery Boutique.
  9052 | D:10     | Found a runed translucent door.
  9054 | D:10     | Noticed Dirian's ghost (novice MiFi)
  9142 | Lair:1   | Entered Level 1 of the Lair of Beasts
  9500 | Lair:1   | Reached ****** piety under Jiyva
  9531 | Lair:1   | Reached skill level 5 in Transmutations
  9623 | Lair:1   | Lost mutation: Your mind is acute. (Int +4, Str/Dex -1)
                  | [Jiyva's grace]
  9623 | Lair:1   | Lost mutation: You passively dampen the noise of your
                  | surroundings. [Jiyva's grace]
  9623 | Lair:1   | Gained mutation: Your spells are a little harder to cast,
                  | but a little more powerful. [Jiyva's grace]
  9623 | Lair:1   | Gained mutation: Your spells are harder to cast, but more
                  | powerful. [Jiyva's grace]
  9623 | Lair:1   | Gained mutation: Your spells are much harder to cast, but
                  | much more powerful. [Jiyva's grace]
  9623 | Lair:1   | Gained mutation: Your muscles are strong. (Str +4, Int/Dex
                  | -1) [Jiyva's grace]
  9983 | Lair:2   | Noticed a six-headed hydra
  9991 | Lair:2   | HP: 2/94 [six-headed hydra (13)]
  9991 | Lair:2   | Slain by a six-headed hydra

Illustrated notes

Levels and vault maps discovered:
D:1:      matt_arrival_spirals, layout_basic, ebering_ecumenical_altar_rust,
          serial_shops, shop, shop, shop,
          nicolae_shop_temple_entry_statues_fountains, minmay_cut_off
D:2:      layout_basic, minivault_26
D:3:      layout_basic, gammafunk_ghost_arena
D:4:      layout_loops_ring, gammafunk_ghost_split, uniq_eustachio,
          uniq_menkaure
D:5:      minmay_general_purpose_star, layout_cave_pods, ebering_ghost_sewer_f,
          minivault_1, nicolae_eternal_life, uniq_pikel
D:6:      minmay_angry_zag, layout_basic, grunt_ministairs_13,
          grunt_decor_resistance, kennysheep_donut, minmay_tree_intersection
D:7:      layout_basic, minmay_temple_entry_stoned_glass, st_stairs_9
D:8:      layout_rooms, uniq_grum
D:9:      wad_crossroads, layout_basic, kennysheep_orc_sif_temple,
          erik_lair_orcish_takeover, grunt_decor_mini_mirrors, nrook_mini_vaults
D:10:     hangedman_cross_cluster, layout_cross, serial_shops, shop,
          ebering_ghost_reflecting_pool, hangedman_abyss_or_decor_slice
Lair:1:   layout_regular_city, serial_bayou_pond_b, grunt_megastairs_2
Lair:2:   layout_cave_pods, infiniplex_staircase_pool_2

Skill      XL: |  1  2  3  4  5  6  7  8  9 10 11 |
---------------+----------------------------------+-----
Conjurations   | 2 3 4 5 6 |  6.1
Spellcasting   | 4 5 6 8 |  8.0
Fighting       | 3 4 6 8 |  8.0
Dodging        | 3 4 5 7 8 |  8.0
Air Magic      | 2 4 5 7 8 |  8.0
Poison Magic   | 2 4 5 7 8 |  8.0
Transmutations | 5 |  5.3
Stealth        | |  1.7
Summonings     | |  1.0
Translocations | |  1.0

Action                     |  1- 3 |  4- 6 |  7- 9 | 10-12 || total
---------------------------+-------+-------+-------+-------++-------
  Melee: Dagger            |    90 |   105 |       |       ||   195
         Punch             |     1 |       |     2 |     3 ||     6
         Tailslap          |     5 |    15 |    52 |    48 ||   120
         Spear             |       |    37 |   399 |   254 ||   690
         Kick              |       |       |       |    78 ||    78
   Cast: Magic Dart        |    22 |    49 |       |       ||    71
         Mephitic Cloud    |       |       |    25 |    14 ||    39
         Arcjolt           |       |       |     4 |    50 ||    54
         Vhi's Electric Ch |       |       |     1 |       ||     1
 Invoke: Oozemancy         |       |     2 |     2 |     1 ||     5
Ability: Breathe Dispellin |       |       |    11 |     5 ||    16
  Evoke: Wand              |       |       |       |     2 ||     2
    Use: Potion            |     1 |       |       |       ||     1
         Scroll            |       |       |     9 |     3 ||    12
   Stab: Sleeping          |     2 |     1 |     1 |     5 ||     9
         Confused          |       |       |     4 |    15 ||    19
 Armour: Skin              |    31 |    46 |   127 |    63 ||   267
  Dodge: Dodged            |    75 |   100 |   212 |   205 ||   592
         Repelled          |       |       |     4 |     2 ||     6

Table legend: (Time is in decaauts)
 A = Elapsed time spent in this place.
 B = Non-inter-level travel time spent in this place.
 C = Inter-level travel time spent in this place.
 D = Time resting spent in this place.
 E = Time spent auto-exploring this place.
 F = Levels seen in this place.
 G = Mean time per level.
                   A        B        C        D        E       F      G
               +--------+--------+--------+--------+--------+-----+--------+
         Total |  10092 |   9519 |    573 |     87 |   6972 |  12 |  841.0 |
       Dungeon |   9238 |   8685 |    553 |     67 |   6299 |  10 |  923.8 |
          Lair |    854 |    835 |     19 |     20 |    673 |   2 |  427.0 |
               +--------+--------+--------+--------+--------+-----+--------+

Top non-repeatable levels by time:
     D:5: 1249 daAuts
     D:1: 1109 daAuts
    D:10: 1085 daAuts
     D:9: 1084 daAuts
     D:3: 989 daAuts
     D:2: 975 daAuts
  Lair:1: 846 daAuts
     D:6: 790 daAuts
     D:4: 770 daAuts
     D:7: 757 daAuts
     D:8: 425 daAuts
  Lair:2: 7 daAuts
